Build Orders - Match 35308576 - cohdb - Company of Heroes 3 Replays
cohdb
Replays
Latest Replays
All Replays
Popular Replays
Top Player Replays
Match Explorer
How It Works
Community
CoH3 Stats
Reddit
Sign in to upload your games and track your stats! →
Sign in with Steam
Match 35308576
Unlisted
Match 35308576
Overview
Messages
Build Orders
End
Construct Barracks
Selects Special Operations Battlegroup
Selects M29 Weasel Recon Vehicle
M29 Weasel Recon Vehicle
Riflemen Squad
Riflemen Squad
Air Support Center
Riflemen Squad
P-47 Strafing Run
Construct Medical Station
P-47 Dive Bomb
Selects Raiding Flares
Riflemen Squad
P-47 Strafing Run
Construct Motor Pool
Selects SSF Commando Squad
M24 Chaffee Light Tank
P-47 Strafing Run
Double Sortie
P-47 Dive Bomb
Engineer Squad
M24 Chaffee Light Tank
P-47 Dive Bomb
P-47 Strafing Run
M24 Chaffee Light Tank
Selects P-47 Anti-Infantry Loiter
M24 Chaffee Light Tank
P-47 Dive Bomb
friendly chinese general
SofisticatedSeal
0
0
Comments
sign in to comment!
No comments posted yet!